 Dungeon Crawl Stone Soup version bcrawl-1.20 (webtiles) character file.

Game seed: 490693294990291719

48 Freyura the Distorting Demonspawn (level 3, 0/29 HPs)
             Began as a Demonspawn Abyssal Knight on Jan 19, 2020.
             Was a Believer of Lugonu.
             Slain by Terence
             ... wielding a +0 flail
              (3 damage)
             ... on level 1 of the Dungeon.
             The game lasted 00:03:21 (1325 turns).

Freyura the Distorting Demonspawn (DsAK)            Turns: 1325, Time: 00:03:22

Health: 0/29       AC:  3    Str: 12    XL:     3   Next: 50%
Magic:  5/5        EV: 11    Int: 13    God:    Lugonu [**....]
Gold:   61         SH:  0    Dex: 13    Spells: 2/2 levels left

rFire    . . .     SeeInvis .   a - +1 mace
rCold    . . .     Gourm    .   (no shield)
rNeg     . . .     Faith    .   b - +0 leather armour
rPois    .         Spirit   .   (helmet restricted)
rElec    .         Reflect  .   (no cloak)
rCorr    .         Harm     .   (no gloves)
MR       .....                  (no boots)
Stlth    +.........             (no amulet)
HPRegen  0.09/turn              (no ring)
MPRegen  0.09/turn              (no ring)

@: no status effects
A: horns 1
a: Depart the Abyss, Bend Space, Banish, Renounce Religion


You were on level 1 of the Dungeon.
You worshipped Lugonu.
Lugonu was pleased with you.
You were hungry.

You visited 1 branch of the dungeon, and saw 2 of its levels.
You visited the Abyss 1 time.

You collected 61 gold pieces.

Inventory:

Hand Weapons
 a - a +1 mace (weapon)
Missiles
 c - 742 stones (quivered)
Armour
 b - a +0 leather armour (worn)
Jewellery
 i - an uncursed amulet of magic regeneration {unknown}
Scrolls
 d - a scroll of blinking {unknown}
 f - a scroll of identify {unknown}
 g - a scroll of remove curse {unknown}
 h - a scroll of teleportation {unknown}
Comestibles
 e - 3 rations {!d}


   Skills:
 + Level 3.2 Fighting
 * Level 2.4 Maces & Flails
 + Level 2.1 Armour
 + Level 1.3 Dodging
 + Level 3.3 Invocations


You had 2 spell levels left.
You didn't know any spells.
Your spell library was empty.

Dungeon Overview and Level Annotations

Branches:
Dungeon (2/12)

Altars:

Annotations:
D:1 Terence
D:2 Robin


Innate Abilities, Weirdness & Mutations

You have a pair of small horns on your head.


Message History

Robin hits you but does no damage.
You are too injured to fight recklessly!
You are too injured to fight recklessly!
The goblin hits you with a +0 dagger.
* * * LOW HITPOINT WARNING * * *
Robin hits you from afar with a +0 spear.
* * * LOW HITPOINT WARNING * * *
Terence closely misses you.
You climb upwards.
There is a stone staircase leading down, spattered with blood here.
You hit the goblin.
The goblin is heavily wounded.
The goblin barely misses you. Terence closely misses you.
The goblin hits you but does no damage.
You sock the goblin!
You kill the goblin!
Lugonu accepts your kill. Terence barely misses you.
Terence hits you with a +0 flail.
You die...

##.## ##.##.#.# ##.#
#.###.#.# #.## ##.#
#...# #..###..# ##.^#
##..#..## #..#
#..#..# #..#######
##...## #........#
#.<.# #........#
##...## #@@......#
#..#..# ###.>......#
##..#..###..)))...###
#..###..##........#
#.#####.##........#
##.#...#.##........#
##.##.#.##.#........#
#.###.#.###.........#
#.###.#.# #.......).#


You could see Terence.

Vanquished Creatures
  3 leopard geckos (D:1)
  A ball python (D:1)
  7 bats (D:1)
  16 goblins
  5 hobgoblins
  A quokka (D:1)
  3 frilled lizards (D:1)
  2 kobolds (D:1)
  3 rats (D:1)
41 creatures vanquished.

Notes
Turn   | Place    | Note
-------+----------+-------------------------------------------
     0 | Abyss:1  | Freyura the Demonspawn Abyssal Knight began the quest for
                  | the Orb.
     0 | Abyss:1  | Reached XP level 1. HP: 18/18 MP: 2/2
     0 | Abyss:1  | Found a corrupted altar of Lugonu.
    34 | Abyss:1  | Noticed a ynoxinul
    35 | D:1      | Escaped the Abyss
   117 | D:1      | Reached * piety under Lugonu
   117 | D:1      | Reached skill level 1 in Dodging
   280 | D:1      | Gained mutation: You have a pair of small horns on your
                  | head. [demonic ancestry]
   280 | D:1      | Reached XP level 2. HP: 16/24 MP: 4/4
   792 | D:1      | Reached XP level 3. HP: 27/29 MP: 5/5
   851 | D:2      | Noticed Robin
   862 | D:1      | Reached ** piety under Lugonu
  1107 | D:2      | Noticed Terence
  1325 | D:1      | Slain by Terence

Skill      XL: |  1  2 |
---------------+-------+-----
Dodging        | 1 |  1.3
Maces & Flails | 2 |  2.4
Armour         | 2 |  2.1
Invocations    | 3 |  3.3
Fighting       | |  3.2

Action                   || total
-------------------------++-------
Melee: Mace              ||   116
       Headbutt          ||    12
Invok: Depart the Abyss  ||     1
 Stab: Sleeping          ||     1
  Eat: Chunk             ||     1
Armor: Leather armour    ||    60
Dodge: Dodged            ||   128
